BSA
ORLANDO CALRISSIAN @ BAFFIN ISLAND BEAVERS
04/21/2029
 
TOP OF THE 1ST
Orlando Calrissian batting - Pitching for Baffin Island Beavers : RHP Thierry Garneau
Pitching: RHP Thierry Garneau
Batting: RHB Jesús Gonzáles 0-0: Swinging Strike
0-1: Ball
1-1: Called Strike
1-2: SINGLE (Line Drive, 6D)
Batting: RHB Gabriel Ángel 0-0: Ball
1-0: Called Strike
1-1: Foul Ball, location: 2F
1-2: Ball
2-2: Fly out, F3 (Popup, 34S)
Batting: RHB Rich Anderson 0-0: Called Strike
0-1: Grounds into double play, 4-6-3 (Groundball, 4)
Top of the 1st over - 0 runs, 1 hit, 0 errors, 0 left on base; Orlando 0 - Baffin Island 0
BOTTOM OF THE 1ST
Baffin Island Beavers batting - Pitching for Orlando Calrissian : LHP Mike Murray
Pitching: LHP Mike Murray
Batting: RHB Alden Isenhood 0-0: Ground out U3 (Groundball, 34S)
Batting: RHB Tony Morton 0-0: Ground out 4-3 (Groundball, 4S)
Batting: RHB Dave Craig 0-0: Ball
1-0: Called Strike
1-1: Foul Ball, location: 2F
1-2: Ball
2-2: Ball
3-2: Foul Ball, location: 2F
3-2: Foul Ball, location: 2F
3-2: Foul Ball, location: 2F
3-2: Base on Balls
Batting: RHB Felipe Rivera 0-0: Ball
1-0: Ball
2-0: Called Strike
2-1: Foul Ball, location: 2F
2-2: Ground out 4-3 (Groundball, 34)
Bottom of the 1st over - 0 runs, 0 hits, 0 errors, 1 left on base; Orlando 0 - Baffin Island 0
TOP OF THE 2ND
Orlando Calrissian batting - Pitching for Baffin Island Beavers : RHP Thierry Garneau
Batting: RHB Raúl Canó 0-0: DOUBLE (Line Drive, 9LM)
Batting: SHB Tim Abbott 0-0: Called Strike
0-1: Swinging Strike
0-2: Strikes out looking
Batting: LHB Juan Colón 0-0: Ball
1-0: Foul Ball, location: 2F
1-1: Foul Ball, location: 2F
1-2: Ball
2-2: Foul Ball, location: 2F
2-2: Strikes out looking
Batting: LHB Danny Allen 0-0: Fly out, F9 (Flyball, 9S)
Top of the 2nd over - 0 runs, 1 hit, 0 errors, 1 left on base; Orlando 0 - Baffin Island 0
BOTTOM OF THE 2ND
Baffin Island Beavers batting - Pitching for Orlando Calrissian : LHP Mike Murray
Batting: LHB Norberto Muñóz 0-0: Ball
1-0: Ball
2-0: Foul Ball, location: 2F
2-1: Ball
3-1: Base on Balls
Batting: LHB Lorenzo Villa 0-0: SINGLE (Flyball, 9LS)
Norberto Muñóz to second
Runner from 2nd tries for 3rd, SAFE, throw made to third
Batting: LHB César Valentín 0-0: Swinging Strike
0-1: Foul Ball, location: 2F
0-2: Fly out, F1 (Popup, 15)
Batting: LHB Howard Evans 0-0: Grounds into double play, 4-6-3 (Groundball, 34)
Bottom of the 2nd over - 0 runs, 1 hit, 0 errors, 1 left on base; Orlando 0 - Baffin Island 0
TOP OF THE 3RD
Orlando Calrissian batting - Pitching for Baffin Island Beavers : RHP Thierry Garneau
Batting: LHB Craig Kenney 0-0: Ball
1-0: Called Strike
1-1: Swinging Strike
1-2: Ball
2-2: Ground out 4-3 (Groundball, 4)
Batting: SHB Jason Mason 0-0: Ball
1-0: Ground out 6-3 (Groundball, 6)
Batting: RHB Jesús Gonzáles 0-0: Ball
1-0: Ball
2-0: Called Strike
2-1: DOUBLE (Line Drive, 78D)
Batting: RHB Gabriel Ángel 0-0: Foul Ball, location: 2F
0-1: Ball
1-1: Ball
2-1: Foul Ball, location: 2F
2-2: Ground out U3 (Groundball, 3S)
Top of the 3rd over - 0 runs, 1 hit, 0 errors, 1 left on base; Orlando 0 - Baffin Island 0
BOTTOM OF THE 3RD
Baffin Island Beavers batting - Pitching for Orlando Calrissian : LHP Mike Murray
Batting: LHB Mike MacFadden 0-0: Called Strike
0-1: Ball
1-1: Ground out 4-3 (Groundball, 4M)
Batting: RHB Alden Isenhood 0-0: Ball
1-0: Ball
2-0: Foul Ball, location: 2F
2-1: Ground out 1-3 (Groundball, 13S)
Batting: RHB Tony Morton 0-0: Foul Ball, location: 2F
0-1: Swinging Strike
0-2: Foul Ball, location: 2F
0-2: Ball
1-2: DOUBLE (Line Drive, 8LXD)
Batting: RHB Dave Craig 0-0: Called Strike
0-1: Fly out, F8 (Line Drive, 8LXD)
Bottom of the 3rd over - 0 runs, 1 hit, 0 errors, 1 left on base; Orlando 0 - Baffin Island 0
TOP OF THE 4TH
Orlando Calrissian batting - Pitching for Baffin Island Beavers : RHP Thierry Garneau
Batting: RHB Rich Anderson 0-0: Ball
1-0: Ball
2-0: Ball
3-0: Called Strike
3-1: Called Strike
3-2: Ground out 5-3 (Groundball, 5)
Batting: RHB Raúl Canó 0-0: Ball
1-0: Ball
2-0: Called Strike
2-1: Fly out, F9 (Flyball, 89S)
Batting: SHB Tim Abbott 0-0: Called Strike
0-1: Foul Ball, location: 2F
0-2: Strikes out swinging
Top of the 4th over - 0 runs, 0 hits, 0 errors, 0 left on base; Orlando 0 - Baffin Island 0
BOTTOM OF THE 4TH
Baffin Island Beavers batting - Pitching for Orlando Calrissian : LHP Mike Murray
Now in CF: José Pérez
Batting: RHB Felipe Rivera 0-0: Foul Ball, location: 2F
0-1: Ball
1-1: Ball
2-1: Swinging Strike
2-2: Fly out, F8 (Flyball, 8RM)
Batting: LHB Norberto Muñóz 0-0: Ball
1-0: Called Strike
1-1: Swinging Strike
1-2: Foul Ball, location: 2F
1-2: Ball
2-2: Ball
3-2: Fly out, F9 (Flyball, 9)
Batting: LHB Lorenzo Villa 0-0: Called Strike
0-1: Ball
1-1: SINGLE (Groundball, 34S) (infield hit)
Batting: LHB César Valentín 0-0: Ball
1-0: Called Strike
1-1: Ball
2-1: Swinging Strike
2-2: Foul Ball, location: 2F
2-2: Strikes out looking
Bottom of the 4th over - 0 runs, 1 hit, 0 errors, 1 left on base; Orlando 0 - Baffin Island 0
TOP OF THE 5TH
Orlando Calrissian batting - Pitching for Baffin Island Beavers : RHP Thierry Garneau
Batting: LHB Juan Colón 0-0: Ball
1-0: Hit by Pitch
Batting: LHB Danny Allen 0-0: Ball
1-0: Called Strike
1-1: Called Strike
1-2: Grounds into double play, 4-6-3 (Groundball, 4M)
Batting: RHB José Pérez 0-0: Ground out 4-3 (Groundball, 4)
Top of the 5th over - 0 runs, 0 hits, 0 errors, 0 left on base; Orlando 0 - Baffin Island 0
BOTTOM OF THE 5TH
Baffin Island Beavers batting - Pitching for Orlando Calrissian : LHP Mike Murray
Batting: LHB Howard Evans 0-0: Called Strike
0-1: Ball
1-1: Foul Ball, location: 2F
1-2: Fly out, F7 (Flyball, 7)
Batting: LHB Mike MacFadden 0-0: Called Strike
0-1: Ball
1-1: Ball
2-1: Ground out U3 (Groundball, 3)
Batting: RHB Alden Isenhood 0-0: Ball
1-0: Ball
2-0: Called Strike
2-1: Ball
3-1: Ground out 6-3 (Groundball, 6)
Bottom of the 5th over - 0 runs, 0 hits, 0 errors, 0 left on base; Orlando 0 - Baffin Island 0
TOP OF THE 6TH
Orlando Calrissian batting - Pitching for Baffin Island Beavers : RHP Thierry Garneau
Batting: SHB Jason Mason 0-0: Ground out 4-3 (Groundball, 4S)
Batting: RHB Jesús Gonzáles 0-0: Ball
1-0: Ball
2-0: Swinging Strike
2-1: Foul Ball, location: 2F
2-2: Foul Ball, location: 2F
2-2: Fly out, F3 (Popup, 34S)
Batting: RHB Gabriel Ángel 0-0: Foul Ball, location: 2F
0-1: Called Strike
0-2: Strikes out swinging
Top of the 6th over - 0 runs, 0 hits, 0 errors, 0 left on base; Orlando 0 - Baffin Island 0
BOTTOM OF THE 6TH
Baffin Island Beavers batting - Pitching for Orlando Calrissian : LHP Mike Murray
Batting: RHB Tony Morton 0-0: Ball
1-0: Ball
2-0: Fly out, F8 (Flyball, 8RM)
Batting: RHB Dave Craig 0-0: SINGLE (Line Drive, 56D)
Batting: RHB Felipe Rivera 0-0: Ball
1-0: Ball
2-0: Ball
3-0: Called Strike
3-1: Swinging Strike
3-2: Strikes out swinging
Batting: LHB Norberto Muñóz 0-0: Called Strike
0-1: Ball
1-1: Ball
2-1: Swinging Strike
2-2: Fly out, F9 (Flyball, 9)
Bottom of the 6th over - 0 runs, 1 hit, 0 errors, 1 left on base; Orlando 0 - Baffin Island 0
TOP OF THE 7TH
Orlando Calrissian batting - Pitching for Baffin Island Beavers : RHP Thierry Garneau
Batting: RHB Rich Anderson 0-0: Ball
1-0: Called Strike
1-1: Ground out 5-3 (Groundball, 5L)
Batting: RHB Raúl Canó 0-0: Reached on error, E1 (Groundball, 13)
Batting: SHB Tim Abbott 0-0: Ball
1-0: 2-RUN HOME RUN (Line Drive, 9LD), Distance : 385 ft
Batting: LHB Juan Colón 0-0: Fly out, F8 (Line Drive, 78XD)
Batting: LHB Danny Allen 0-0: Called Strike
0-1: Foul Ball, location: 2F
0-2: Fly out, F9 (Flyball, 89D)
Top of the 7th over - 2 runs, 1 hit, 1 error, 0 left on base; Orlando 2 - Baffin Island 0
BOTTOM OF THE 7TH
Baffin Island Beavers batting - Pitching for Orlando Calrissian : LHP Mike Murray
Batting: LHB Lorenzo Villa 0-0: Ball
1-0: Ball
2-0: Called Strike
2-1: Foul Ball, location: 2F
2-2: Foul Ball, location: 2F
2-2: Foul Ball, location: 2F
2-2: Ball
3-2: SINGLE (Flyball, 9LM)
Pitching: LHP Xavier Velázquez
Batting: LHB César Valentín 0-0: Bunt - Flyout - DP at third! 3-4
Batting: LHB Howard Evans 0-0: Ball
1-0: Fly out, F6 (Popup, 6MS)
Bottom of the 7th over - 0 runs, 1 hit, 0 errors, 0 left on base; Orlando 2 - Baffin Island 0
TOP OF THE 8TH
Orlando Calrissian batting - Pitching for Baffin Island Beavers : RHP Thierry Garneau
Batting: RHB José Pérez 0-0: Called Strike
0-1: Fly out, F9 (Flyball, 89XD)
Batting: SHB Jason Mason 0-0: Foul Ball, location: 2F
0-1: Ball
1-1: Ball
2-1: Ball
3-1: Foul Ball, location: 2F
3-2: Foul Ball, location: 2F
3-2: Ground out 6-3 (Groundball, 6M)
Batting: RHB Jesús Gonzáles 0-0: Fly out, F3 (Line Drive, 3F)
Top of the 8th over - 0 runs, 0 hits, 0 errors, 0 left on base; Orlando 2 - Baffin Island 0
BOTTOM OF THE 8TH
Baffin Island Beavers batting - Pitching for Orlando Calrissian : LHP Xavier Velázquez
Batting: LHB Mike MacFadden 0-0: Ball
1-0: Called Strike
1-1: Foul Ball, location: 2F
1-2: Foul Ball, location: 2F
1-2: Ball
2-2: Strikes out swinging
Batting: RHB Alden Isenhood 0-0: Ball
1-0: Ball
2-0: Called Strike
2-1: Ball
3-1: Base on Balls
Batting: RHB Tony Morton 0-0: Ball
1-0: Foul Ball, location: 2F
1-1: Ball
2-1: Swinging Strike
2-2: Ball
3-2: Ground out 6-3 (Groundball, 6)
Alden Isenhood to second
Batting: RHB Dave Craig 0-0: Ball
1-0: Ball
2-0: Ball
3-0: Foul Ball, location: 2F
3-1: Base on Balls
Pitching: RHP Will Huggins
Batting: RHB Felipe Rivera 0-0: Ball
1-0: Fly out, F8 (Flyball, 8LD)
Bottom of the 8th over - 0 runs, 0 hits, 0 errors, 2 left on base; Orlando 2 - Baffin Island 0
TOP OF THE 9TH
Orlando Calrissian batting - Pitching for Baffin Island Beavers : RHP Thierry Garneau
Batting: RHB Gabriel Ángel 0-0: Ball
1-0: Ball
2-0: Ball
3-0: Called Strike
3-1: Called Strike
3-2: Base on Balls
Batting: RHB Rich Anderson 0-0: Called Strike
0-1: Foul Ball, location: 2F
0-2: Ball
1-2: Fly out, F8 (Flyball, 8LD)
Batting: RHB Raúl Canó 0-0: DOUBLE (Line Drive, 89S)
Gabriel Ángel to third
Batting: SHB Tim Abbott 0-0: Intentional Walk
Pitching: LHP Brent Miller
Batting: LHB Juan Colón 0-0: Ball
1-0: Foul Ball, location: 2F
1-1: DOUBLE (Flyball, 89XD)
Gabriel Ángel scores
Raúl Canó scores
Tim Abbott to third
Runner from 3rd tries for Home, SAFE, no throw
Batting: LHB Danny Allen 0-0: Intentional Walk
Batting: RHB José Pérez 0-0: Ball
1-0: Fly out, F4 (Flyball, 34D)
Batting: SHB Jason Mason 0-0: Called Strike
0-1: DOUBLE (Line Drive, 9D)
Juan Colón scores
Danny Allen to third
Runner from 3rd tries for Home, SAFE, throw made at trailing runner, OUT at third!
Top of the 9th over - 5 runs, 3 hits, 0 errors, 0 left on base; Orlando 7 - Baffin Island 0
BOTTOM OF THE 9TH
Baffin Island Beavers batting - Pitching for Orlando Calrissian : RHP Will Huggins
Now at 2B: Júlio Negrón
Now at 3B: Brian Price
Batting: LHB Norberto Muñóz 0-0: Ball
1-0: Called Strike
1-1: Ball
2-1: Swinging Strike
2-2: Ball
3-2: Base on Balls
Pinch Hitting: RHB Pedro Molina 0-0: Grounds into double play, 5-4-3 (Groundball, 56)
Batting: LHB César Valentín 0-0: Ball
1-0: Swinging Strike
1-1: Foul Ball, location: 2F
1-2: Foul Ball, location: 2F
1-2: Strikes out swinging
Bottom of the 9th over - 0 runs, 0 hits, 0 errors, 0 left on base; Orlando 7 - Baffin Island 0
Saturday, December 16th, 2017 - OOTP Baseball 18.8 Build 76